 Dungeon Crawl Stone Soup version 0.19.0-20-gbc5f0c6 (webtiles) character file.

34554 witty the Spry (level 13, 0/72 HPs)
             Began as a Spriggan Berserker on Nov 16, 2016.
             Was an Elder of Trog.
             Killed from afar by Josephine (26 damage)
             ... with a ghostly fireball
             ... on level 2 of the Orcish Mines.
             The game lasted 01:01:01 (18070 turns).

witty the Spry (Spriggan Berserker)                Turns: 18070, Time: 01:01:02

Health: 0/72       AC:  4    Str: 13    XL:     13   Next: 42%
Magic:  21/21      EV: 31    Int:  9    God:    Trog [****..]
Gold:   1711       SH:  0    Dex: 20    Spells: 0 memorised, 12 levels left

rFire  . . .     SeeInvis +     a - +3 short sword (elec)
rCold  . . .     Gourm    .     l - +0 animal skin
rNeg   . . .     Faith    .     (shield restricted)
rPois  .         Spirit   .     q - +2 hat
rElec  .         Reflect  .     (no cloak)
rCorr  .         Harm     .     (gloves unavailable)
MR     +++..                    (boots unavailable)
Stlth  ++++++....               (no amulet)
                                F - ring of protection from magic
                                g - +4 ring of slaying

@: heavily drained, very quick
A: unfitting armour, see invisible, herbivore 3, speed 3, slow metabolism 2
a: Berserk, Trog's Hand, Brothers in Arms, Burn Spellbooks, Renounce Religion


You were on level 2 of the Orcish Mines.
You worshipped Trog.
Trog was greatly pleased with you.
You were not hungry.

You visited 3 branches of the dungeon, and saw 18 of its levels.
You also visited: Labyrinth, Sewer and Volcano.

You collected 1711 gold pieces.

Inventory:

Hand Weapons
 a - a +3 short sword of electrocution (weapon)
 b - a +0 blowgun
 k - a +2 quick blade of flaming
 z - a +2 antimagic dagger
 L - a +3 scimitar of flaming
 X - a +2 hand crossbow of freezing
Missiles
 m - 24 poisoned needles
 G - 2 steel tomahawks (quivered)
Armour
 l - a +0 animal skin (worn)
 q - a +2 hat (worn)
 v - a +2 robe of cold resistance
Jewellery
 e - a +5 ring of intelligence
 g - a +4 ring of slaying (left hand)
 j - an uncursed ring of flight
 w - an uncursed ring of protection from magic
 x - an uncursed ring of positive energy
 y - the amulet "Geffudint" {Harm *Drain rElec rPois MR- Str+2}
   (You found it on level 12 of the Dungeon)

   [amulet of harm]

   It increases damage dealt and taken.
   It affects your strength (+2).
   It insulates you from electricity.
   It protects you from poison.
   It affects your resistance to hostile enchantments.
   It causes draining when unequipped.
 F - a ring of protection from magic (right hand)
 I - an uncursed amulet of magic regeneration {unknown}
 P - a cursed -2 ring of intelligence
Wands
 r - a wand of disintegration (12/24)
 s - a wand of random effects (24/48)
 B - a wand of lightning (4/15)
 J - a wand of teleportation (8/9)
 K - a wand of paralysis (12/24)
 O - a wand of paralysis (4/24)
 R - a wand of iceblast (0/15)
 S - a wand of digging (0/24)
 T - a wand of polymorph (17/24)
 U - a wand of confusion (11/48)
Scrolls
 h - 8 scrolls of remove curse
 i - 10 scrolls of teleportation
 M - a scroll of enchant armour
 Q - a scroll of blinking
Potions
 d - 4 potions of flight
 n - 6 potions of magic
 o - a potion of might
 p - 2 potions of curing
 t - 3 potions of brilliance
 u - a potion of cure mutation
 A - 2 potions of berserk rage
 C - 4 potions of degeneration
 H - 2 potions of lignification
 N - 2 potions of mutation {unknown}
Comestibles
 c - 6 bread rations
 f - 4 fruits
 D - a slice of pizza
 E - a royal jelly


   Skills:
 + Level 9.9(7.8) Fighting
 - Level 12.3(10.1) Short Blades
 - Level 3.3(1.6) Throwing
 + Level 15.5(13.2) Dodging
 + Level 15.0(12.7) Stealth
 + Level 9.9(7.9) Evocations


You had 12 spell levels left.
You didn't know any spells.

Dungeon Overview and Level Annotations

Branches:
Dungeon (12/15)            Temple (0/1) D:4            Lair (4/6) D:11
  Swamp (0/4) Lair:4       Spider (0/4) Lair:4          Orc (2/2) D:12
    Elf (0/3) Orc:2

Altars:
Okawaru
Vehumet
The Shining One
Beogh

Shops:
D:8 *

Annotations:
D:12 Frances
Lair:4 exclusion: 4 oklob plants
Orc:2 Josephine


Innate Abilities, Weirdness & Mutations

You are very small and have problems with some larger weapons.
You are too small for most types of armour.
You have supernaturally acute eyesight. (SInv)
You are a herbivore.
You cover ground extremely quickly.
You need consume almost no food.


Message History

This wand has 12 charges left.
You barely miss Josephine. You puncture Josephine!
Josephine is lightly wounded.
Josephine closely misses you.
You puncture Josephine!
There is a sudden explosion of sparks!
Josephine is heavily wounded.
You closely miss Josephine.
Josephine is heavily wounded.
Josephine gestures at you while chanting.
The ghostly flame explodes!
The ghostly fireball engulfs you!
You feel drained.
The ghostly fireball engulfs Josephine.
Josephine completely resists.
You hear a shout!
You hit Josephine.
There is a sudden explosion of sparks!
Josephine is severely wounded.
You puncture Josephine!
Josephine is almost dead.
Josephine gestures at you while chanting.
The ghostly flame explodes!
The ghostly fireball engulfs you!
You feel drained.
You die...

#.......#.... ##......#....
##.....##.## ##.#...###
##...#....## #...##.....###
##..........#.##
...............###
...#...........#@##
...##..........##@###
#......).......#.##.##
.........##....)##...#
#..........#.....#...##
......#.....##..#.....## .
.............#O.....@#.## . .
.................#......## .#..
................####.)...##....


You could see Josephine.

Vanquished Creatures
  Snorg (Orc:1)
  A minotaur (Lab)
  The ghost of micr0chasm the Spear-Bearer, a journeyman MfGl of Fedhas (Lair:2)
  An ogre mage (Orc:2)
  Fannar (Orc:1)
  2 hydras
  Erica (Orc:1)
  Nergalle (D:11)
  3 hill giants
  An orc knight (Orc:1)
  An ugly thing (D:11)
  2 oklob plants (Lair:4)
  3 cyclopes
  An orc sorcerer (Orc:1)
  A centaur zombie (D:11)
  3 black mambas
  4 molten gargoyles (Volcano)
  7 spiny frogs
  2 gargoyles
  2 rime drakes (Lair:4)
  A komodo dragon (Lair:1)
  An efreet (Volcano)
  7 trolls
  5 two-headed ogres (Orc:2)
  A blink frog (Lair:3)
  A hippogriff (Lair:1)
  2 shadows
  3 redbacks
  24 yaks
  A wraith (Orc:2)
  2 basilisks
  3 fire bats (Orc:1)
  7 hungry ghosts
  4 fire elementals (Volcano)
  3 wargs
  A swamp worm (Lair:4)
  6 water moccasins
  5 porcupines
  3 sky beasts
  2 necrophages
  An ice beast (D:8)
  9 orc warriors
  A phantom (D:8)
  12 ogres
  4 centaurs
  13 crocodiles
  3 big kobolds
  5 bullfrogs
  2 earth elementals
  A wyvern skeleton (D:7)
  3 scorpions
  5 howler monkeys
  8 crimson imps
  2 bullfrog zombies
  A quasit (D:10)
  5 centaur skeletons
  2 hounds
  15 orc priests
  3 jellies
  9 orc wizards
  2 bullfrog skeletons
  An iguana (D:7)
  6 worker ants
  3 gnolls (D:9)
  A worker ant zombie (D:5)
  13 adders
  2 river rats
  2 shadow imps
  4 oozes (Sewer)
  A leopard gecko (D:3)
  44 orcs
  A giant cockroach (D:1)
  2 goblins
  5 hobgoblins
  11 jackals
  3 quokkas
  5 ball pythons
  5 bats
  A frilled lizard (D:5)
  15 kobolds
  A quokka skeleton (D:8)
  7 rats
  A fire vortex (Volcano)
361 creatures vanquished.

Vanquished Creatures (collateral kills)
  2 efreet (Volcano)
  A fire elemental (Volcano)
  A crocodile (D:11)
  A bullfrog (D:11)
  A river rat (D:11)
  A fire vortex (Volcano)
7 creatures vanquished.

Vanquished Creatures (others)
  4 fungi
  33 plants
37 creatures vanquished.

Grand Total: 405 creatures vanquished

Notes
Turn   | Place    | Note
-------+----------+-------------------------------------------
     0 | D:1      | witty the Spriggan Berserker began the quest for the Orb.
     0 | D:1      | Reached XP level 1. HP: 11/11 MP: 2/2
   208 | D:1      | Reached XP level 2. HP: 16/16 MP: 3/3
   625 | D:3      | Reached ** piety under Trog
   667 | D:3      | Reached skill level 5 in Dodging
   667 | D:3      | Reached skill level 1 in Stealth
   667 | D:3      | Reached XP level 3. HP: 19/19 MP: 4/4
   698 | D:3      | Found a glowing drain.
   703 | Sewer    | Entered a sewer
   876 | Sewer    | Reached XP level 4. HP: 21/23 MP: 5/5
  1291 | Sewer    | Noticed a big kobold
  1322 | Sewer    | Killed a big kobold
  1322 | Sewer    | Reached skill level 5 in Short Blades
  1322 | Sewer    | Reached skill level 1 in Throwing
  1322 | Sewer    | Reached XP level 5. HP: 27/27 MP: 6/6
  2268 | D:4      | Reached XP level 6. HP: 25/32 MP: 7/7
  2290 | D:4      | Found a staircase to the Ecumenical Temple.
  2299 | D:5      | Entered Level 5 of the Dungeon
  2595 | D:5      | Noticed a sky beast
  2802 | D:5      | Reached skill level 5 in Stealth
  2802 | D:5      | Reached XP level 7. HP: 28/35 MP: 8/8
  3306 | D:6      | Reached *** piety under Trog
  3465 | D:6      | Found an iron altar of Okawaru.
  3797 | D:6      | Reached XP level 8. HP: 40/40 MP: 9/9
  5151 | D:8      | Reached XP level 9. HP: 24/45 MP: 10/10
  5322 | D:8      | Found a radiant altar of Vehumet.
  5351 | D:8      | Reached skill level 10 in Short Blades
  5375 | D:8      | Reached **** piety under Trog
  5724 | D:8      | Found a glowing golden altar of the Shining One.
  5725 | D:8      | Noticed a troll
  5775 | D:8      | Killed a troll
  5835 | D:8      | Found Binu's General Store.
  6042 | D:9      | Received a gift from Trog
  6073 | D:9      | Reached skill level 5 in Fighting
  6420 | D:9      | Noticed a troll
  6445 | D:9      | Killed a troll
  6445 | D:9      | Reached XP level 10. HP: 31/51 MP: 11/11
  7009 | D:10     | Entered Level 10 of the Dungeon
  7423 | D:10     | Reached ***** piety under Trog
  7780 | D:11     | Noticed a cyclops
  7781 | D:11     | Killed a cyclops
  7781 | D:11     | Reached skill level 10 in Dodging
  7782 | D:11     | Noticed a purple ugly thing
  7838 | D:11     | Killed a purple ugly thing
  8075 | D:11     | Noticed Nergalle
  8089 | D:11     | Killed Nergalle
  8324 | D:11     | Reached XP level 11. HP: 52/58 MP: 12/12
  8531 | D:11     | Found a staircase to the Lair.
  8730 | D:11     | Reached skill level 10 in Stealth
  8763 | D:11     | Noticed a hill giant
  8772 | D:11     | Killed a hill giant
  8864 | D:11     | You fall through a shaft!
  9024 | Lair:1   | Entered Level 1 of the Lair of Beasts
  9316 | Lair:1   | Reached skill level 1 in Evocations
  9715 | Lair:1   | Received a gift from Trog
  9765 | Lair:1   | Noticed a six-headed hydra
 10577 | Lair:2   | Noticed micr0chasm's ghost (journeyman MfGl)
 11367 | Lair:3   | Noticed a five-headed hydra
 11396 | Lair:3   | Noticed a six-headed hydra
 11623 | Lair:2   | Killed micr0chasm's ghost
 11730 | Lair:2   | Killed a five-headed hydra
 11730 | Lair:2   | Reached skill level 5 in Evocations
 11730 | Lair:2   | Reached XP level 12. HP: 52/65 MP: 16/16
 12154 | Lair:3   | Noticed a six-headed hydra
 12165 | Lair:3   | Killed a six-headed hydra
 12450 | Lair:4   | Found a labyrinth entrance.
 12455 | Lab      | Entered a labyrinth
 12819 | Lab      | Noticed a minotaur
 12839 | Lab      | Killed a minotaur
 12860 | Lab      | Identified the Reference Book on the Birds and Stones
 12864 | Lab      | Got a brightly glowing hunting sling
 12875 | Lair:4   | Identified the +4 hunting sling of Ziecax {velocity, *Slow Fragile Int+8 Stlth+} (You found it in a labyrinth)
 13032 | Lair:4   | Noticed a six-headed hydra
 13648 | Lair:4   | Found a hole to the Spider Nest.
 14266 | D:12     | Got a scintillating graven amulet
 14410 | D:12     | Noticed Frances
 14438 | D:12     | Found a staircase to the Orcish Mines.
 14449 | D:12     | Found a roughly hewn altar of Beogh.
 14453 | Orc:1    | Entered Level 1 of the Orcish Mines
 14474 | Orc:1    | Received a gift from Trog
 14526 | Orc:1    | Noticed Erica
 14531 | Orc:1    | Noticed Fannar
 14886 | Orc:1    | Found a dark tunnel.
 14938 | Volcano  | Entered a volcano
 15031 | Volcano  | Identified the amulet "Geffudint" {Harm *Drain rElec rPois MR- Str+2} (You found it on level 12 of the Dungeon)
 15495 | Volcano  | Reached XP level 13. HP: 52/70 MP: 20/20
 15962 | Volcano  | HP: 3/70 [something (21)]
 16252 | Orc:1    | Reached skill level 15 in Dodging
 16543 | Orc:1    | Killed Fannar
 16621 | Orc:1    | Killed Erica
 16892 | Orc:1    | Noticed Snorg
 16900 | Orc:1    | Killed Snorg
 16927 | Orc:2    | Entered Level 2 of the Orcish Mines
 17113 | Orc:2    | Found a roughly hewn altar of Beogh.
 17758 | Orc:2    | Found a staircase to the Elven Halls.
 17945 | Orc:2    | Noticed Josephine
 17983 | Orc:2    | Reached skill level 15 in Stealth
 18070 | Orc:2    | Killed from afar by Josephine

Skill      XL: |  1  2  3  4  5  6  7  8  9 10 11 12 13 |
---------------+----------------------------------------+-----
Short Blades   | 4 5 6 8 9 11 12 | 12.3
Dodging        | 5 6 9 11 13 14 15 | 15.5
Stealth        | 1 2 3 5 6 7 9 12 14 15 | 15.0
Throwing       | 1 2 3 |  3.3
Fighting       | 3 4 5 6 8 9 |  9.9
Evocations     | 5 8 9 |  9.9

Action                   |  1- 3 |  4- 6 |  7- 9 | 10-12 | 13-15 || total
-------------------------+-------+-------+-------+-------+-------++-------
Melee: Short sword       |   117 |    66 |   253 |   685 |   172 ||  1293
 Fire: Blowgun           |       |    11 |    45 |    22 |       ||    78
Invok: Brothers in Arms  |       |       |       |     5 |     1 ||     6
       Berserk           |       |       |       |     4 |     5 ||     9
       Trog's Hand       |       |       |       |     3 |     4 ||     7
       Burn Spellbooks   |       |       |       |     1 |       ||     1
 Abil: Evoke Flight      |       |     1 |       |       |       ||     1
Evoke: Wand              |       |       |       |    24 |     5 ||    29
  Use: Scroll            |       |    10 |     5 |    13 |       ||    28
       Potion            |       |       |       |     2 |     4 ||     6
 Stab: Sleeping          |     1 |     5 |    10 |    41 |     6 ||    63
       Distracted        |     1 |       |     5 |     3 |     2 ||    11
       Confused          |       |       |       |     3 |       ||     3
       Invisible         |       |       |       |     1 |       ||     1
  Eat: Bread ration      |       |       |     1 |     3 |     1 ||     5
       Pizza             |       |       |       |       |     3 ||     3
Armor: Animal skin       |     7 |     1 |    13 |    19 |     1 ||    41
Dodge: Dodged            |    84 |    33 |   130 |   335 |    90 ||   672
